[Event "WSTCC-65 2024"]
[Site "Krakow"]
[Date "2024.07.06"]
[Round "5.19"]
[White "Gasik, Jadwiga"]
[Black "Gorjaltsan, Eduard"]
[Result "0-1"]
[ECO "C02"]
[WhiteElo "1780"]
[BlackElo "1884"]
[Annotator "NA RC"]
[PlyCount "74"]
[EventDate "2024.07.01"]
[EventType "team-tourn"]
[EventCountry "POL"]
[SourceTitle "playchess.com"]
[Source "ChessBase"]
[SourceQuality "1"]
[TimeControl "40/5400+30:1800+30"]

1. e4 e6 2. d4 d5 3. e5 c5 4. c3 Qb6 5. Bd3 Bd7 6. Nf3 Nc6 7. Bc2 Rc8 8. O-O Qc7 9. Ba4 b5 10. Bxb5 Nxe5 11. Nxe5 Bxb5 12. Re1 Nf6 13. Bf4 Bd6 14. a4 Ba6 15. dxc5 Qxc5 16. Be3 Qc7 17. Bd4 O-O 18. Nd2 Rfe8 19. b4 Bb7 20. Rc1 Ba8 21. a5 Ne4 22. Nxe4 dxe4 23. Ng4 f5 24. g3 fxg4 25. Qxg4 Be5 26. Bc5 Qc6 27. Re3 Rcd8 28. Qh5 Qc7 29. f4 Bd6 30. Bd4 Bxb4 31. Rd1 Bxa5 32. Kg2 Bb6 33. Be5 Qf7 34. Qxf7+ Kxf7 35. Rxd8 Rxd8 36. Re2 e3+ 37. Kf1 Rd1+ 0-1

[Event "WSTCC-65 2024"]
[Site "Krakow"]
[Date "2024.07.06"]
[Round "5.20"]
[White "Tsifanskaya, Ludmila A"]
[Black "Bartczak, Hanna"]
[Result "1-0"]
[ECO "B07"]
[WhiteElo "1970"]
[BlackElo "1639"]
[Annotator "NA RC"]
[PlyCount "123"]
[EventDate "2024.07.01"]
[EventType "team-tourn"]
[EventCountry "POL"]
[SourceTitle "playchess.com"]
[Source "ChessBase"]
[SourceQuality "1"]
[TimeControl "40/5400+30:1800+30"]

1. e4 d6 2. d4 Nf6 3. Nc3 g6 4. Nge2 c5 5. dxc5 Qa5 6. cxd6 exd6 7. Be3 Nc6 8. f3 Be6 9. Nf4 Rd8 10. Nxe6 fxe6 11. Qd2 d5 12. exd5 exd5 13. Nb5 Qxd2+ 14. Bxd2 a6 15. Nc3 d4 16. Ne4 Nxe4 17. fxe4 Ne5 18. Bd3 Bg7 19. h3 Rf8 20. Ke2 Rd7 21. Rhf1 Rdf7 22. Rxf7 Rxf7 23. Rf1 Rxf1 24. Kxf1 Ke7 25. Ke2 b5 26. b3 Kd6 27. Bb4+ Ke6 28. a4 Nc6 29. Be1 bxa4 30. bxa4 a5 31. Bb5 Nb4 32. Bxb4 axb4 33. Kd3 Ke5 34. Bc6 Kd6 35. Bd5 Kc5 36. Bc4 Kb6 37. Bg8 h6 38. Bf7 Ka5 39. Bxg6 Kxa4 40. Bf7 Kb5 41. Ke2 Kc5 42. Kf3 Kd6 43. Kf4 Be5+ 44. Kf5 Bg3 45. Kg4 Bf2 46. Bc4 Ke5 47. Bd3 Be1 48. Kh5 Bd2 49. g4 Kf6 50. h4 Bf4 51. g5+ hxg5 52. hxg5+ Kg7 53. Kg4 Bd6 54. Kf5 Be7 55. e5 Bd8 56. g6 Kf8 57. Ke6 Bc7 58. Kd5 Bb6 59. Kc6 Bd8 60. Kd7 Bg5 61. e6 Bf6 62. g7+ 1-0

[Event "WSTCC-65 2024"]
[Site "Krakow"]
[Date "2024.07.06"]
[Round "5.20"]
[White "Malienko, Alexander"]
[Black "Aragones-Melhem, Georgy"]
[Result "1-0"]
[ECO "B72"]
[WhiteElo "1904"]
[BlackElo "2079"]
[Annotator "NA RC"]
[PlyCount "73"]
[EventDate "2024.07.01"]
[EventType "team-tourn"]
[EventCountry "POL"]
[SourceTitle "playchess.com"]
[Source "ChessBase"]
[SourceQuality "1"]
[TimeControl "40/5400+30:1800+30"]

1. e4 c5 2. Nf3 Nc6 3. Nc3 g6 4. d4 cxd4 5. Nxd4 Bg7 6. Be3 Nf6 7. Nb3 d6 8. Be2 Be6 9. f4 Qd7 10. h3 h5 11. Qd2 a6 12. Bb6 Bh6 13. Rf1 Rc8 14. Nd4 Ne5 15. Nxe6 Qxe6 16. Qd4 Nc6 17. Qa4 d5 18. e5 Nd7 19. Bg1 O-O 20. g4 d4 21. Bc4 Nb6 22. Bxe6 Nxa4 23. Bxc8 dxc3 24. b3 Rxc8 25. bxa4 Nb4 26. Kd1 Rd8+ 27. Ke2 Rd2+ 28. Kf3 hxg4+ 29. hxg4 e6 30. Be3 Rxc2 31. Rfc1 Rb2 32. Rxc3 Nd5 33. Rc8+ Kh7 34. Rh1 Rxa2 35. g5 Ra3 36. Rxh6+ Kg7 37. Rch8 1-0

[Event "WSTCC-65 2024"]
[Site "Krakow"]
[Date "2024.07.06"]
[Round "5.21"]
[White "Wallace, John Paul"]
[Black "Falk, Thomas"]
[Result "1-0"]
[ECO "C91"]
[WhiteElo "2369"]
[BlackElo "2022"]
[Annotator "TA"]
[PlyCount "53"]
[EventDate "2024.07.01"]
[EventType "team-tourn"]
[EventCountry "POL"]
[SourceTitle "playchess.com"]
[Source "ChessBase"]
[SourceQuality "1"]
[TimeControl "40/5400+30:1800+30"]

1. e4 e5 2. Nf3 Nc6 3. Bb5 a6 4. Ba4 Nf6 5. O-O Be7 6. Re1 b5 7. Bb3 d6 8. c3 O-O 9. d4 Bg4 10. Be3 exd4 11. cxd4 d5 12. e5 Ne4 13. Nc3 Nxc3 14. bxc3 Qd7 15. Bc2 Bf5 16. Bg5 f6 {[%emt 0:09:19] The position is equal.} 17. exf6 Bxf6 18. Bxf6 Rxf6 19. a4 {[%emt 0:05:17] [#] Strongly threatening Bxf5.} Re8 (19... b4 $14) 20. Rxe8+ $16 Qxe8 21. Bxf5 Rxf5 22. axb5 axb5 23. Qd3 Ne7 24. Re1 {[%emt 0:04:35] White is more active.} g6 {[%emt 0:04:46] [#]} (24... Rf4 25. Ng5 Qg6 26. Qxb5 Qxg5) 25. Qe3 $18 {[%emt 0:00:56] White is clearly winning.} Kf8 26. Qh6+ Kg8 27. Ng5 {[%emt 0:00:17] White took control after the opening.   Weighted Error Value: White=0.01 (flawless) /Black=0.71.  Mistake:       	---       	Black=2      OK:         	White=10    	---        Best:        	---       	Black=1} 1-0

[Event "WSTCC-65 2024"]
[Site "Krakow"]
[Date "2024.07.06"]
[Round "5.21"]
[White "Kennedy, Shernaz"]
[Black "Lohan, Martin"]
[Result "0-1"]
[ECO "E00"]
[WhiteElo "1784"]
[BlackElo "1826"]
[Annotator "NA RC"]
[PlyCount "40"]
[EventDate "2024.07.01"]
[EventType "team-tourn"]
[EventCountry "POL"]
[SourceTitle "playchess.com"]
[Source "ChessBase"]
[SourceQuality "1"]
[TimeControl "40/5400+30:1800+30"]

1. d4 Nf6 2. c4 e6 3. a3 c5 4. d5 g6 5. Nc3 Bg7 6. e4 exd5 7. cxd5 d6 8. f4 O-O 9. Nf3 Re8 10. Qc2 Qe7 11. Bd3 c4 12. Be2 Nxe4 13. Nxe4 Qxe4 14. Qxe4 Rxe4 15. Ng5 Re7 16. Kd1 c3 17. bxc3 Bxc3 18. Rb1 Bd7 19. Bd3 Na6 20. Bxa6 Ba4+ 0-1

[Event "WSTCC-65 2024"]
[Site "Krakow"]
[Date "2024.07.06"]
[Round "5.22"]
[White "Lomer, Edmund"]
[Black "Morriss, Pete"]
[Result "1/2-1/2"]
[ECO "A05"]
[WhiteElo "1943"]
[BlackElo "1982"]
[Annotator "NA RC"]
[PlyCount "96"]
[EventDate "2024.07.01"]
[EventType "team-tourn"]
[EventCountry "POL"]
[SourceTitle "playchess.com"]
[Source "ChessBase"]
[SourceQuality "1"]
[TimeControl "40/5400+30:1800+30"]

1. Nf3 Nf6 2. g3 b5 3. Bg2 Bb7 4. d4 e6 5. O-O c5 6. c3 d5 7. Bg5 Na6 8. Nbd2 Be7 9. dxc5 Nxc5 10. Nb3 Nce4 11. Bf4 O-O 12. Qd3 b4 13. cxb4 Bxb4 14. Rac1 Bd6 15. Bxd6 Qxd6 16. Nfd2 Qb6 17. Nxe4 Nxe4 18. Bxe4 dxe4 19. Qd4 Bd5 20. Qa4 a5 21. Qa3 Qb4 22. Rc3 Rfb8 23. Rfc1 g5 24. Rc5 a4 25. Rc8+ Kg7 26. Qxb4 Rxb4 27. Rxa8 axb3 28. a3 Rd4 29. Rb8 Rd2 30. Rb1 Rxe2 31. Rb4 e3 32. fxe3 Rg2+ 33. Kf1 Rxh2 34. Re1 Rxb2 35. e4 Bc6 36. a4 Ra2 37. Rxb3 Rxa4 38. Rbe3 Ra2 39. Kg1 Rc2 40. R1e2 Rxe2 41. Rxe2 h5 42. e5 g4 43. Rf2 Bf3 44. Ra2 f6 45. exf6+ Kxf6 46. Kf2 Kg5 47. Ra7 h4 48. gxh4+ Kxh4 1/2-1/2

[Event "WSTCC-65 2024"]
[Site "Krakow"]
[Date "2024.07.06"]
[Round "5.22"]
[White "McMahon, Frank"]
[Black "O`Neill, Julie Anne"]
[Result "1/2-1/2"]
[ECO "B06"]
[WhiteElo "1818"]
[BlackElo "1806"]
[Annotator "NA RC"]
[PlyCount "57"]
[EventDate "2024.07.01"]
[EventType "team-tourn"]
[EventCountry "POL"]
[SourceTitle "playchess.com"]
[Source "ChessBase"]
[SourceQuality "1"]
[TimeControl "40/5400+30:1800+30"]

1. e4 g6 2. d4 Bg7 3. Nf3 d6 4. Bc4 e6 5. Nc3 Nd7 6. Bg5 Ne7 7. Qd2 h6 8. Be3 a6 9. O-O-O b5 10. Bd3 Bb7 11. a3 Rc8 12. h4 c5 13. dxc5 Nxc5 14. Bd4 e5 15. Be3 Nc6 16. Nh2 b4 17. Nd5 bxa3 18. bxa3 Nd4 19. Kb1 Bxd5 20. exd5 Rb8+ 21. Ka2 e4 22. Bxd4 Bxd4 23. Bb5+ Rxb5 24. Qxd4 O-O 25. Ng4 f6 26. Nxh6+ Kh7 27. Ng4 f5 28. Ne3 Qe7 29. Rb1 1/2-1/2

[Event "WSTCC-65 2024"]
[Site "Krakow"]
[Date "2024.07.06"]
[Round "5.23"]
[White "MacElligott, Gerard"]
[Black "Hansch, Klaus-Michael"]
[Result "1-0"]
[ECO "A43"]
[WhiteElo "1993"]
[BlackElo "1898"]
[Annotator "NA RC"]
[PlyCount "68"]
[EventDate "2024.07.01"]
[EventType "team-tourn"]
[EventCountry "POL"]
[SourceTitle "playchess.com"]
[Source "ChessBase"]
[SourceQuality "1"]
[TimeControl "40/5400+30:1800+30"]

1. d4 Nf6 2. Nf3 c5 3. d5 d6 4. c4 b5 5. cxb5 Qa5+ 6. Nc3 Ne4 7. Bd2 Nxd2 8. Nxd2 g6 9. Nc4 Qd8 10. a4 a5 11. g3 Bg7 12. Bg2 Nd7 13. O-O O-O 14. Qd2 Nb6 15. Nxb6 Qxb6 16. Qd3 Bb7 17. Qc4 Rfe8 18. Rad1 Rad8 19. Rd2 Bc8 20. Rfd1 Bh6 21. e3 Bg7 22. Bf3 Bb7 23. h4 Kf8 24. h5 e5 25. hxg6 hxg6 26. Qh4 Qc7 27. g4 f6 28. Be4 Kf7 29. Bxg6+ Ke7 30. Bxe8 Rxe8 31. Qh7 Kd8 32. Qg6 Bh8 33. f3 Bc8 34. Rh2 c4 1-0

[Event "WSTCC-65 2024"]
[Site "Krakow"]
[Date "2024.07.06"]
[Round "5.24"]
[White "Kundt, Guenther"]
[Black "O`Connor, Eddie"]
[Result "1/2-1/2"]
[ECO "D31"]
[WhiteElo "1843"]
[BlackElo "1953"]
[Annotator "NA RC"]
[PlyCount "32"]
[EventDate "2024.07.01"]
[EventType "team-tourn"]
[EventCountry "POL"]
[SourceTitle "playchess.com"]
[Source "ChessBase"]
[SourceQuality "1"]
[TimeControl "40/5400+30:1800+30"]

1. d4 d5 2. c4 e6 3. Nc3 Be7 4. Nf3 Nf6 5. Bg5 Nbd7 6. cxd5 exd5 7. e3 c6 8. Bd3 h6 9. Bh4 Ne4 10. Bxe7 Qxe7 11. Qc2 Nxc3 12. bxc3 Nf6 13. Ne5 O-O 14. O-O Be6 15. c4 dxc4 16. Bxc4 Bxc4 1/2-1/2

[Event "WSTCC-65 2024"]
[Site "Krakow"]
[Date "2024.07.06"]
[Round "5.24"]
[White "O`Sullivan, Tom"]
[Black "Shaughnessy, Elizabeth"]
[Result "1/2-1/2"]
[ECO "E70"]
[WhiteElo "1715"]
[BlackElo "1642"]
[Annotator "NA RC"]
[PlyCount "36"]
[EventDate "2024.07.01"]
[EventType "team-tourn"]
[EventCountry "POL"]
[SourceTitle "playchess.com"]
[Source "ChessBase"]
[SourceQuality "1"]
[TimeControl "40/5400+30:1800+30"]

1. d4 Nf6 2. c4 g6 3. Nc3 Bg7 4. e4 d6 5. Bd3 O-O 6. Nge2 Nbd7 7. O-O c5 8. d5 Ne5 9. f4 Nxd3 10. Qxd3 Bd7 11. Bd2 a6 12. Rab1 b5 13. Ng3 bxc4 14. Qxc4 Ng4 15. Nge2 e6 16. b3 exd5 17. Qxd5 Be6 18. Qd3 Qb6 1/2-1/2